 Dungeon Crawl Stone Soup version 0.28.0 (webtiles) character file.

Game seed: 35794293483835036

79 pzskc383 the Chopper (level 4, -2/28 HPs)
             Began as a Gargoyle Fighter on Feb 11, 2022.
             Slain by a black bear (3 damage)
             ... on level 3 of the Dungeon.
             The game lasted 00:02:46 (2781 turns).

pzskc383 the Chopper (Gargoyle Fighter)             Turns: 2781, Time: 00:02:47

Health: -2/28      AC: 12    Str: 19    XL:     4   Next: 38%
Magic:  4/4        EV:  9    Int:  9    God:
Gold:   119        SH:  4    Dex: 11    Spells: 3/3 levels left

rFire   . . .      SeeInvis .   a - +0 war axe
rCold   . . .      Faith    .   c - +0 buckler
rNeg    + . .      Spirit   .   b - +0 scale mail
rPois   ∞          Reflect  .   (no helmet)
rElec   +          Harm     .   s - +0 cloak
rCorr   .          Rampage  .   n - +0 pair of gloves
Will    .....                   (no boots)
Stlth   ..........              (no amulet)
HPRegen 0.09/turn               (no ring)
MPRegen 0.09/turn               (no ring)

@: mighty
A: sickness immunity, AC +3, negative energy resistance 1, electricity
resistance, torment resistance 1, petrification resistance
a: no special abilities


You were on level 3 of the Dungeon.
You visited 1 branch of the dungeon, and saw 3 of its levels.

You collected 119 gold pieces.

Inventory:

Hand Weapons
 a - a +0 war axe (weapon)
 r - a +0 halberd of venom
Missiles
 h - 5 silver javelins (quivered)
Armour
 b - a +0 scale mail (worn)
 c - a +0 buckler (worn)
 n - a +0 pair of gloves (worn)
 s - a +0 cloak (worn)
Scrolls
 e - a scroll of holy word {unknown}
 f - a scroll of identify
 g - a scroll of torment {unknown}
 i - 2 scrolls of teleportation {unknown}
 k - a scroll of fear {unknown}
 l - a scroll of fog {unknown}
 m - a scroll of brand weapon
 p - a scroll of vulnerability {unknown}
 t - a scroll of noise {unknown}
 u - a scroll of enchant weapon {unknown}
Potions
 j - a potion of flight {unknown}
 o - a potion of lignification {unknown}
 q - a potion of attraction {unknown}


   Skills:
 - Level 3.2 Fighting
 + Level 4.1 Axes
 - Level 3.2 Armour
 - Level 3.2 Shields


You had 3 spell levels left.
You didn't know any spells.
Your spell library contained the following spells:

 Spells                   Type           Power      Damage    Failure   Level
 Ensorcelled Hibernation  Hex/Ice        0%         N/A       94%         2
 Spider Form              Tmut/Pois      0%         N/A       99%         3
 Anguish                  Hex/Necr       0%         N/A       100%        4


Dungeon Overview and Level Annotations

Branches:
Dungeon (3/15)

Altars:
Dithmenos


Innate Abilities, Weirdness & Mutations

You are immune to sickness and miasma.
Your stone body is resilient. (AC +3)
You are immune to poison.
You resist negative energy. (rN+)
You are resistant to electric shocks. (rElec)
You are resistant to unholy torment.
You are immune to petrification.


Message History

The black bear bites you but does no damage.
The black bear claws you but does no damage.
The black bear claws you.
You barely miss the black bear.
The black bear is lightly wounded.
The black bear barely misses you.
The black bear claws you but does no damage. x2
You closely miss the black bear.
The black bear is lightly wounded.
The black bear barely misses you.
The black bear claws you but does no damage. x2
The black bear bites you but does no damage.
The black bear barely misses you. x2
You barely miss the black bear.
The black bear is lightly wounded.
The black bear bites you but does no damage.
The black bear barely misses you. The black bear claws you.
You feel very mighty all of a sudden. You block the black bear's attack.
The black bear claws you.
* * * LOW HITPOINT WARNING * * *
The black bear claws you but does no damage.
You barely miss the black bear.
The black bear is lightly wounded.
The black bear bites you.
* * * LOW HITPOINT WARNING * * *
The black bear claws you but does no damage.
The black bear barely misses you.
You slash the black bear!
The black bear is moderately wounded.
The black bear barely misses you.
The black bear claws you but does no damage.
You block the black bear's attack. The black bear barely misses you.
You block the black bear's attack. The black bear barely misses you.
You completely miss the black bear.
The black bear is moderately wounded.
The black bear bites you.
* * * LOW HITPOINT WARNING * * *
The black bear claws you but does no damage.
The black bear claws you.
You die...

### ########.#
#....h@..#
#.######.# #.#
#####.## #......#
#......# ##.##
##......#########
.....
.................>
##.#.
#########.#.....##


You could see a black bear.

Vanquished Creatures
  3 gnolls (D:3)
  An adder (D:2)
  A worm (D:2)
  A ball python (D:1)
  5 endoplasms
  5 goblins
  6 hobgoblins
  2 jackals (D:2)
  2 kobolds
  2 quokkas
  2 bats
  2 frilled lizards
  3 rats
35 creatures vanquished.

Notes
Turn   | Place    | Note
-------+----------+-------------------------------------------
     0 | D:1      | pzskc383 the Gargoyle Fighter began the quest for the Orb.
     0 | D:1      | Reached XP level 1. HP: 14/14 MP: 1/1
    45 | D:1      | Reached skill level 2 in Axes
   172 | D:1      | Reached XP level 2. HP: 17/19 MP: 2/2
   700 | D:2      | Found a shadowy altar of Dithmenos.
   981 | D:2      | Reached skill level 3 in Axes
  1045 | D:2      | Reached XP level 3. HP: 23/23 MP: 3/3
  1955 | D:3      | HP: 1/23 [gnoll (7)]
  1958 | D:3      | Reached XP level 4. HP: 13/28 MP: 4/4
  1959 | D:3      | Reached skill level 4 in Axes
  2194 | D:3      | Identified the +2 leather armour "Haennius" {Harm}
  2264 | D:3      | Found a faded altar of an unknown god.
  2767 | D:3      | Noticed a black bear
  2781 | D:3      | HP: 1/28 [black bear (2)]
  2781 | D:3      | Slain by a black bear

Illustrated notes

Levels and vault maps discovered:
D:1:      pf_arrival_petrified_forest, layout_basic, minmay_misc_feat_cross
D:2:      layout_basic, basic_altar
D:3:      layout_basic, hellmonk_ecumenical_altar_arch_garden

Skill      XL: |  1  2  3  4 |
---------------+-------------+-----
Axes           | 2 3 4 |  4.1
Fighting       | |  3.2
Armour         | |  3.2
Shields        | |  3.2

Action                   |  1- 3 |  4- 6 || total
-------------------------+-------+-------++-------
Melee: War axe           |    68 |    23 ||    91
       Halberd           |    10 |       ||    10
Throw: Javelin           |     1 |       ||     1
  Use: Scroll            |     2 |       ||     2
       Potion            |     1 |     1 ||     2
Armor: Scale mail        |    43 |    26 ||    69
Dodge: Dodged            |    45 |    27 ||    72
Block: Buckler           |    15 |     8 ||    23
